 Dungeon Crawl Stone Soup version 0.27-a0-1325-g58a489ad9e (webtiles) character file.

Game seed: 9284490760572776856

4995 avis the Transmogrifier (level 10, -2/88 HPs)
             Began as a Pale Draconian Transmuter on June 24, 2021.
             Shot with a bolt by an orc warrior (12 damage)
             ... in a bailey.
             The game lasted 00:59:44 (10967 turns).

avis the Transmogrifier (DrTm)                     Turns: 10967, Time: 00:59:45

Health: -2/88      AC: 11    Str: 13    XL:     10   Next: 29%
Magic:  10/14      EV: 11    Int: 14    God:
Gold:   904        SH:  0    Dex: 14    Spells: 5/15 levels left

rFire    x . .     SeeInvis .     - Unarmed
rCold    + + +     Faith    .   (shield currently unavailable)
rNeg     . . .     Spirit   .   (armour unavailable)
rPois    +         Reflect  .   (helmet currently unavailable)
rElec    .         Harm     .   (cloak currently unavailable)
rCorr    +         Rampage  .   (gloves currently unavailable)
Will     .....                  (boots currently unavailable)
Stlth    +.........             (no amulet)
HPRegen  0.24/turn              A - +4 ring of protection
MPRegen  0.14/turn              u - ring of resist corrosion

@: ice-form
A: freezing attack, amphibious, boosted hp, (breathe steam), AC +7, large,
unfitting armour, (cold-blooded), (steam resistance)
a: End Transformation


You were in a bailey.
You were a creature of crystalline ice.
You visited 2 branches of the dungeon, and saw 9 of its levels.
You also visited: Ossuary and Bailey.

You collected 904 gold pieces.

Inventory:

Hand Weapons
 b - a +1 hunting sling
 y - a +0 shortbow
Missiles
 c - 203 stones
 f - 27 sling bullets
 h - 113 arrows
 i - 18 poisoned darts
 G - 7 boomerangs (quivered)
 K - 190 bolts
Armour
 d - a +0 cloak (melded)
 k - the +0 kite shield "Difaodah" {Rampage rPois}
   (You found it on level 6 of the Dungeon)

   It protects you from poison.
   It bestows one free step when moving towards enemies.
 p - a +0 kite shield
Jewellery
 u - a ring of resist corrosion (right front paw)
 A - a +4 ring of protection (left front paw)
 I - an amulet of faith
Wands
 m - a wand of flame (13)
 n - a wand of iceblast (4)
 E - a wand of polymorph (9)
Scrolls
 e - a scroll of blinking {unknown}
 o - 3 scrolls of fog
 r - a scroll of magic mapping
 s - a scroll of fear
 t - a scroll of torment {unknown}
 C - a scroll of amnesia {unknown}
 D - a scroll of holy word {unknown}
 F - 4 scrolls of teleportation
 H - a scroll of noise
 J - a scroll of enchant armour
Potions
 a - 5 potions of heal wounds
 g - 3 potions of mutation
 j - 5 potions of lignification
 l - 2 potions of berserk rage
 q - 2 potions of resistance
 v - a potion of cancellation
 w - 2 potions of might
 x - a potion of ambrosia
 z - a potion of invisibility {unknown}
 B - 3 potions of flight


   Skills:
 + Level 2.6 Fighting
 + Level 4.8 Dodging
 + Level 8.5 Unarmed Combat
 - Level 3.0 Spellcasting
 + Level 9.3 Transmutations
 - Level 4.0 Ice Magic
 - Level 3.0 Poison Magic
 - Level 5.0 Invocations


You had 5 spell levels left.
You knew the following spells:

 Your Spells              Type           Power      Damage    Failure   Level
a - Beastly Appendage     Tmut           56%        N/A       1%          1
b - Wereblood             Tmut           28%        N/A       1%          2
p - Spider Form           Tmut/Pois      9%         N/A       5%          3
q - Ice Form              Ice/Tmut       20%        N/A       14%         4

Your spell library contained the following spells:

 Spells                   Type           Power      Damage    Failure   Level


Dungeon Overview and Level Annotations

Branches:
Dungeon (8/15)             Temple (1/1) D:6         Ossuary (visited)
 Bailey (1/1)
   Lair: D:8-11

Altars:
Cheibriados
Dithmenos
Elyvilon
Fedhas
Gozag
Hepliaklqana
Kikubaaqudgha
Makhleb
Nemelex Xobeh
Qazlal
Ru
Uskayaw
Vehumet
Wu Jian
Xom
Yredelemnul
Zin

Annotations:
D:2 Can't reach some places


Innate Abilities, Weirdness & Mutations

You are a creature of crystalline ice.
You have a powerful freezing melee attack.
You are amphibious.
Your maximum health is increased.
Your armour is entirely melded.
You are incapable of wielding weapons or throwing items.
((You can breathe blasts of scalding, opaque steam.))
((Your pale cyan-grey scales are hard. (AC +7)))
You cannot fit into any form of body armour.
((You are cold-blooded and may be slowed by cold attacks.))
((You are immune to the effects of steam.))


Message History

Okay, then.
The orc warrior shoots a bolt.
The bolt barely misses you.
Press: ? - help, Shift-Dir - straight line, f/p - orc warrior
Aim: an orc warrior, wielding a +0 arbalest, wearing a +0 scale mail and quivering bolts (heavily wounded)
You exhale a blast of scalding steam.
The orc warrior unwields a +0 arbalest.
The orc warrior barely misses you.
You closely miss the orc warrior.
The orc warrior is almost dead.
The orc warrior closely misses you.
You closely miss the orc warrior. You punch the orc warrior.
You kill the orc warrior!
K - 190 bolts (gained 20)
Things that are here:
a +0 arbalest; a +0 scale mail You have got your breath back.
An orc warrior comes into view. It is wielding a +0 arbalest.
The orc warrior shouts!
The orc warrior shoots a bolt.
The bolt misses you.
The orc warrior shoots a bolt.
The bolt hits you!!
An orc warrior comes into view. It is wielding a +3 arbalest.
The orc warrior shoots a bolt.
The bolt closely misses you.
The orc warrior shoots a bolt.
The bolt hits you.
Press: ? - help, Shift-Dir - straight line, f - orc warrior
Aim: an orc warrior, wielding a +0 arbalest, wearing a +0 scale mail and quivering bolts You exhale a blast of scalding steam.
The orc warrior shoots a bolt.
The bolt hits you!
The orc warrior shoots a bolt.
The bolt hits you.
Casting: Ice Form (dangerous; 14% risk of failure)
Confirm with . or Enter, or press ? or * to list all spells.
You turn into a creature of crystalline ice.
Your +0 cloak melds into your body.
The orc warrior shoots a bolt.
The bolt barely misses you.
The orc warrior shoots a bolt.
The bolt barely misses you.
The orc warrior shoots a bolt.
The bolt hits you!
* * * LOW HITPOINT WARNING * * *
The orc warrior shoots a bolt.
The bolt hits you!
* * * LOW HITPOINT WARNING * * *
You have got your breath back.
The orc warrior shoots a bolt.
The bolt hits you!
You die...

......... .........
.....≈#∩.##≈.... ......##
....≈.#.#≈≈......# ...####
#....≈≈≈≈≈.......# ..##
#...............# .##
#..............# .#..
#..oo..........# ##.#
#.............# ##.+
#.Y...........# ##.#
#.............# ##.+
#.............# ##.##
##.............# ##..#
#..............# ....#
##..............# ....#
##...............# ....#
##...)≈≈≈≈≈.......#
....#######....≈.#.#≈≈......#


You could see 2 orc warriors.

Vanquished Creatures
  A cyclops (D:6)
  An unseen horror (D:6)
  2 trolls
  A slime creature (D:7)
  Sigmund (D:6)
  A wraith (D:6)
  A shadow (D:6)
  A water moccasin (D:7)
  A black bear (D:6)
  An ice beast (D:6)
  7 orc warriors
  2 sky beasts (D:6)
  A hornet zombie (D:6)
  A necrophage (D:6)
  4 ogres
  A phantom (D:7)
  2 centaurs
  Blork the orc (D:5)
  A wyvern zombie (D:6)
  A bullfrog (D:6)
  A gnoll sergeant (D:7)
  2 scorpions
  2 wyvern skeletons
  2 electric eels (D:6)
  2 vampire bats (D:5)
  3 jellies
  A bullfrog skeleton (D:4)
  4 hounds
  A centaur skeleton (D:5)
  Ijyb (D:3)
  3 iguanas (D:6)
  An orc wizard (D:7)
  2 hound skeletons (D:4)
  12 mummies (Ossuary)
  A howler monkey zombie (D:7)
  7 adders
  3 gnolls (D:7)
  A white imp (D:6)
  2 ufetubi
  An adder skeleton (D:4)
  A worm (D:3)
  4 dart slugs
  21 orcs
  3 ball pythons
  8 bats
  2 bat skeletons (D:5)
  2 bat zombies (D:5)
  17 endoplasms
  A giant cockroach (D:2)
  11 goblins
  2 hobgoblins
  12 jackals
  7 kobolds
  8 quokkas
  2 frilled lizards (D:1)
  4 gnoll skeletons (Ossuary)
  3 kobold skeletons (Ossuary)
  An orc skeleton (Ossuary)
  2 rats (D:1)
  11 rat skeletons (Ossuary)
206 creatures vanquished.

Vanquished Creatures (others)
  7 fungi (D:7)
7 creatures vanquished.

Grand Total: 213 creatures vanquished

Notes
Turn   | Place    | Note
-------+----------+-------------------------------------------
     0 | D:1      | avis the Draconian Transmuter began the quest for the Orb.
     0 | D:1      | Reached XP level 1. HP: 16/16 MP: 3/3
   341 | D:1      | Reached XP level 2. HP: 24/24 MP: 3/5
   363 | D:1      | Learned a level 2 spell: Wereblood
   984 | D:2      | Reached XP level 3. HP: 29/29 MP: 2/6
  1046 | D:2      | Learned a level 3 spell: Spider Form
  1173 | D:2      | Found an ornate altar of the Wu Jian Council.
  1213 | D:2      | Found a faded altar of an unknown god.
  1325 | D:2      | Reached skill level 1 in Poison Magic
  1926 | D:2      | Upgraded the game from 0.27-a0-1324-ge0d8e047f6 to
                  | 0.27-a0-1325-g58a489ad9e
  2031 | D:3      | Reached XP level 4. HP: 36/36 MP: 5/7
  2376 | D:3      | Found a shadowy altar of Dithmenos.
  2578 | D:3      | Noticed Ijyb
  2675 | D:3      | Killed Ijyb
  3441 | D:4      | Reached XP level 5. HP: 41/41 MP: 6/8
  3574 | D:4      | Reached skill level 3 in Transmutations
  3733 | D:4      | Found a blossoming altar of Fedhas.
  3794 | D:4      | Found a sand-covered staircase.
  3798 | Ossuary  | Entered an ossuary
  4412 | Ossuary  | Reached XP level 6. HP: 30/48 MP: 8/10
  5268 | Ossuary  | Learned a level 4 spell: Ice Form
  5330 | D:4      | Reached skill level 4 in Transmutations
  5330 | D:4      | Reached skill level 1 in Ice Magic
  5411 | D:4      | Your scales start taking on a pale cyan-grey colour.
  5411 | D:4      | Reached XP level 7. HP: 44/55 MP: 7/11
  5411 | D:4      | Gained mutation: You are immune to the effects of steam.
                  | [Pale Draconian growth]
  5934 | D:5      | Entered Level 5 of the Dungeon
  6121 | D:5      | Reached skill level 5 in Unarmed Combat
  6474 | D:5      | Found an ancient bone altar of Kikubaaqudgha.
  6879 | D:5      | Noticed a troll
  6885 | D:5      | Killed a troll
  6886 | D:5      | Reached skill level 5 in Transmutations
  6886 | D:5      | Reached XP level 8. HP: 46/61 MP: 8/12
  6984 | D:5      | Noticed Blork the orc
  6995 | D:5      | Killed Blork the orc
  7765 | D:6      | Reached skill level 6 in Transmutations
  7890 | D:6      | Found a staircase to the Ecumenical Temple.
  7934 | Temple   | Entered the Ecumenical Temple
  8250 | D:6      | Reached skill level 1 in Invocations
  8326 | D:6      | Identified the +0 kite shield "Difaodah" {Rampage rPois}
  8336 | D:6      | Noticed Sigmund
  8342 | D:6      | Killed Sigmund
  8657 | D:7      | Reached skill level 7 in Transmutations
  8657 | D:7      | Reached XP level 9. HP: 67/67 MP: 9/13
  8696 | D:6      | Noticed a troll
  8726 | D:6      | Killed a troll
  9163 | D:6      | Reached skill level 8 in Transmutations
  9168 | D:6      | Noticed a cyclops
  9192 | D:6      | Killed a cyclops
  9475 | D:6      | Killed an unseen horror
  9676 | D:7      | Reached XP level 10. HP: 73/73 MP: 10/14
  9773 | D:7      | Reached skill level 9 in Transmutations
 10418 | D:8      | Found a flagged portal.
 10427 | Bailey   | Entered a bailey
 10605 | Bailey   | Reached skill level 5 in Invocations
 10967 | Bailey   | Shot with a bolt by an orc warrior

Illustrated notes

Levels and vault maps discovered:
D:1:      roderic_octagonal_star, layout_basic, chequers_serial_rivers_small_b
D:2:      layout_loops_cross, serial_rivers, chequers_serial_rivers_room_a,
          chequers_serial_rivers_room_a, chequers_serial_rivers_small_3,
          chequers_serial_rivers_micro_b, basic_altar,
          chequers_ecumenical_altar_simple
D:3:      layout_basic, old_standard_altar, kennysheep_pointless_box,
          grunt_decor_mini_mirrors, uniq_ijyb
D:4:      layout_loops_corners, lemuel_crystal_altar, enter_ossuary_5
D:5:      layout_loops_ring, kennysheep_vampire_church, st_stairs_5,
          chequers_serial_rivers_room_a, small_statue_intersection,
          kennysheep_cross_room, kennysheep_generic_room_6, uniq_blork_the_orc
D:6:      minmay_klotski, layout_cave_pools, minmay_temple_entry_large_hall,
          minivault_14, grunt_ministairs_12, item_on_display_a, uniq_sigmund
D:7:      lemuel_slime, layout_rooms
D:8:      layout_basic, enter_bailey_3, amcnicky_mini_corridor_feature,
          minmay_misc_feat_room, uniq_erica
Temple:   dshaligram_water_room_temple
Bailey:   bailey_polearm_2, bailey

Skill      XL: |  1  2  3  4  5  6  7  8  9 10 |
---------------+-------------------------------+-----
Dodging        | 2 4 |  4.8
Fighting       | 2 |  2.6
Poison Magic   | 1 3 |  3.0
Transmutations | 3 4 5 7 8 9 |  9.3
Unarmed Combat | 4 5 7 8 |  8.5
Spellcasting   | 3 |  3.0
Ice Magic      | 2 4 |  4.0
Invocations    | 2 4 5 |  5.0

Action                   |  1- 3 |  4- 6 |  7- 9 | 10-12 || total
-------------------------+-------+-------+-------+-------++-------
Melee: Unarmed           |   104 |   155 |   131 |    64 ||   454
       Kick              |    19 |    29 |     3 |       ||    51
       Headbutt          |    16 |    23 |     1 |       ||    40
       Punch             |     1 |       |       |     1 ||     2
       Tailslap          |     5 |    19 |     1 |     1 ||    26
 Fire: Hunting sling     |       |    59 |    17 |       ||    76
Throw: Boomerang         |       |       |     6 |       ||     6
 Cast: Beastly Appendage |    24 |    30 |     3 |     1 ||    58
       Wereblood         |     1 |       |       |       ||     1
       Spider Form       |     3 |     8 |    21 |     1 ||    33
       Ice Form          |       |       |     1 |     6 ||     7
 Abil: Breathe Steam     |       |       |    39 |    14 ||    53
       End Transformatio |       |       |     1 |       ||     1
  Use: Scroll            |       |     7 |     7 |     4 ||    18
Armor: Skin              |    33 |    38 |    34 |    21 ||   126
Dodge: Dodged            |    89 |    82 |   123 |    53 ||   347

Table legend: (Time is in decaauts)
 A = Elapsed time spent in this place.
 B = Non-inter-level travel time spent in this place.
 C = Inter-level travel time spent in this place.
 D = Time resting spent in this place.
 E = Time spent auto-exploring this place.
 F = Levels seen in this place.
 G = Mean time per level.
                   A        B        C        D        E       F      G
               +--------+--------+--------+--------+--------+-----+--------+
         Total |  10935 |  10363 |    572 |   3353 |   4101 |  11 |  994.1 |
       Dungeon |   8838 |   8286 |    552 |   2130 |   4033 |   8 | 1104.8 |
        Temple |    110 |     90 |     20 |      0 |     68 |   1 |  110.0 |
       Ossuary |   1449 |   1449 |      0 |    947 |      0 |   1 | 1449.0 |
        Bailey |    536 |    536 |      0 |    276 |      0 |   1 |  536.0 |
               +--------+--------+--------+--------+--------+-----+--------+

Top non-repeatable levels by time:
     D:6: 1905 daAuts
     D:5: 1617 daAuts
 Ossuary: 1449 daAuts
     D:2: 1342 daAuts
     D:3: 1177 daAuts
     D:4: 1029 daAuts
     D:1: 971 daAuts
     D:7: 702 daAuts
  Bailey: 536 daAuts
  Temple: 110 daAuts
     D:8: 94 daAuts
